woodfighter, neutral female human Healer --------- ---- |.......|#######+..| |........#######|..| |.......|# #...| ---------------- --|------ |..| --------- |..............| ## #...| #...<.....####### |..............| # ###---- #|......*| #-..............| # # #|.{.....-#########-.-------------- # ### #-----|--- ######### # # #### # # ############` # ### ##--|----- # # #--......-- # ---- ## ##-..----..| ------# |$$| ----.-- ##|..| |..| |....|# |$$| |....q@##########`|..| |..| |....|# ---- |.....| #|..----..| |>...-# |......###########--......-- ------ ------- -------- woodfighter the Empiric Experience level: 4 Strength: 25 Dexterity: 9 Constitution: 15 Intelligence: 9 Wisdom: 14 Charisma: 16 Health: 0(33) Energy: 16(27) Def: 1 Gold: 11 Moves: 2711 Dungeon seed: bce1mX0ew3GpnA7m Game ID: woodfighter_1506105408 Your Inventory: Coins $ - 11 gold pieces Weapons a - a +0 scalpel K - a +0 spear (weapon in hand) Armor e - an uncursed +1 pair of leather gloves I - an uncursed +0 pair of gauntlets of power (being worn) Comestibles k - 5 blessed eucalyptus leaves l - a blessed sprig of wolfsbane m - a blessed clove of garlic o - 7 uncursed apples p - 3 uncursed food rations q - 3 uncursed lichen corpses r - 2 uncursed bananas z - 3 uncursed cram rations L - an uncursed magic bean Wands g - a wand of sleep (0:7) Tools b - an uncursed stethoscope s - an uncursed sack w - an uncursed magic whistle y - an uncursed lock pick Contents of the sack: a cursed [-1] pair of gauntlets of fumbling an uncursed scroll of confuse monster a [blessed] scroll of destroy armor 2 uncursed scrolls of enchant armor an uncursed scroll of enchant weapon a [uncursed] scroll of identify 3 uncursed scrolls of scare monster an uncursed scroll of scare monster a blessed spellbook of extra healing a blessed spellbook of healing a blessed spellbook of stone to flesh 4 uncursed potions of extra healing a blessed potion of healing 3 uncursed potions of healing a blessed potion of see invisible an uncursed potion of speed Spells and supernatural/magical abilities: Name Level Category Fail Memory h - healing 1 healing 42% 87% x - extra healing 3 healing 61% 87% S - stone to flesh 3 healing 74% 87% W - pray for help -- divine ? -- Your skills at the end: Miscellaneous Skills wands [Basic] Weapon Skills knife [Basic] Spellcasting Skills healing spells [Basic] Final Attributes: You were devoutly aligned. You were poison resistant. You were very stealthy. You are dead. Vanquished creatures: a fog cloud a kobold lord a rothe a jitterbug a coyote a hobbit a large kobold 5 geckos a hobgoblin a red mold 3 manes 7 jackals 2 kobolds 3 newts a goblin 2 sewer rats a grid bug 6 lichens a kobold zombie 40 creatures vanquished. Voluntary challenges: You did not adorn yourself with jewelry or accessories. You did not cause conflict. You were not invisible. You did not have reflection. You were not displaced. You used a wielded weapon 69 times, starting on turn 93. You did not apply a unicorn horn. You did not use plumbed fixtures. You did not drink any magical draughts. You were illiterate. You never genocided any monsters. You never polymorphed an object. You never changed form. You used no wishes. You never split a pudding. You never wrote Elbereth's name. You never violated your personal moral code. Dungeon overview: The Dungeons of Doom: levels 1 to 6 Level 1 an altar to Hermes, some fountains a long staircase Level 2 Level 3 (locked box) some fountains Level 4 a general store, many fountains stairs to The Gnomish Mines Level 5 (vault + money on way to vault or in vault) <- You were here a fountain Level 6 The Gnomish Mines: Level 5 stairs to The Dungeons of Doom History has recorded: On T:1 you entered the Dungeons of Doom to retrieve the Amulet of Yendor! On T:59 you reached level 2 of The Dungeons of Doom. On T:516 you advanced to experience level 2. On T:644 you reached level 3 of The Dungeons of Doom. On T:949 you advanced to experience level 3. On T:1223 you reached level 4 of The Dungeons of Doom. On T:1467 you advanced to experience level 4. On T:1562 you reached level 1 of The Gnomish Mines. On T:1929 you reached level 5 of The Dungeons of Doom. On T:2269 you reached level 6 of The Dungeons of Doom. Score breakdown: Gold: 0 ( 0 points) Experience: 4 levels ( 300 points) Exploration: 6 levels ( 150 points) Discoveries: 11 items ( 550 points) Variety of kills: 19 monsters ( 950 points) Major goal: (nothing yet) ( 0 points) Survival: died (score multiplied by 3) Total score: 5850 Latest messages: You miss the rothe. (2x) The rothe claws you! The rothe bites! (2x) You miss the rothe. The rothe claws you! The rothe just misses! The rothe bites! You jab the rothe! The rothe is almost dead. The rothe claws you! The rothe bites! The rothe just misses! You feel better. You fail to cast the spell correctly. The rothe claws you! The rothe bites! (2x) You fail to cast the spell correctly. The rothe claws you! The rothe bites! The rothe misses. You feel hungry. You fail to cast the spell correctly. The rothe claws you! The rothe bites! You die... Final status: Goodbye woodfighter the Healer, killed by a rothe... You died in The Dungeons of Doom on dungeon level 5 with 5850 points, and 11 pieces of gold, after 2711 moves. You were level 4 with a maximum of 33 hit points when you died.